 Dungeon Crawl Stone Soup version 0.28.0 (webtiles) character file.

Game seed: 10174509569815275402

9722 Cykl0x the Destroyer (level 11, -3/67 HPs)
             Began as a Gargoyle Earth Elementalist on Feb 16, 2022.
             Was a Priest of the Shining One.
             Slain by a boulder beetle (23 damage)
             ... on level 11 of the Dungeon.
             The game lasted 00:32:20 (12169 turns).

Cykl0x the Destroyer (Gargoyle Earth Elementalist) Turns: 12169, Time: 00:32:20

Health: -3/67      AC: 21    Str: 13    XL:     11   Next: 50%
Magic:  23/23      EV:  9    Int: 25    God:    the Shining One [***...]
Gold:   542        SH:  0    Dex: 10    Spells: 18/26 levels left

rFire   . . .      SeeInvis .   H - +5 falchion
rCold   + + .      Faith    .   (no shield)
rNeg    + + .      Spirit   .   J - +1 scale mail {rC+}
rPois   ∞          Reflect  .   q - +0 helmet
rElec   +          Harm     .   l - +0 cloak
rCorr   .          Rampage  +   k - +0 pair of gloves
Will    .....                   O - +0 pair of boots {rampage}
Stlth   ..........              x - amulet of magic regeneration
HPRegen 0.21/turn               f - ring of protection from cold
MPRegen 0.58/turn               t - +6 ring of intelligence

@: glowing
A: sickness immunity, AC +8, negative energy resistance 1, electricity
resistance, torment resistance 1, petrification resistance
a: Renounce Religion, Divine Shield, Cleansing Flame


You were on level 11 of the Dungeon.
You worshipped the Shining One.
The Shining One was most pleased with you.
You visited 2 branches of the dungeon, and saw 12 of its levels.

You collected 542 gold pieces.

Inventory:

Hand Weapons
 d - a +0 dagger
 e - a +0 short sword
 B - a +0 scimitar
 H - a +5 falchion (weapon)
 L - a +2 short sword of venom
Missiles
 a - 3 throwing nets
 c - 326 stones
Armour
 h - a +0 pair of boots
 k - a +0 pair of gloves (worn)
 l - a +0 cloak (worn)
 q - a +0 helmet (worn)
 u - the +7 plate armour of Zomeph {rCorr Str+2}
   (You found it on level 5 of the Dungeon)

   Str:       It affects your strength (+2).
   rCorr:     It protects you from acid and corrosion.
 C - a +0 ring mail
 D - +1 steam dragon scales
 J - a +1 scale mail of cold resistance (worn)
 O - a +0 pair of boots of rampaging (worn)
Jewellery
 b - a ring of protection from cold
 f - a ring of protection from cold (left hand)
 j - an amulet of reflection
 t - a +6 ring of intelligence (right hand)
 w - a ring of protection from cold
 x - an amulet of magic regeneration (around neck)
 A - a ring of ice
 P - a ring of fire
Wands
 m - a wand of flame (35)
 p - a wand of iceblast (14)
 r - a wand of polymorph (6)
 K - a wand of paralysis (12)
Scrolls
 v - a scroll of fog
 y - 3 scrolls of teleportation
 E - 2 scrolls of noise
Potions
 g - a potion of mutation
 i - 3 potions of curing
 n - 3 potions of attraction
 o - 3 potions of might
 s - 3 potions of lignification
 z - 2 potions of cancellation
 F - 2 potions of invisibility {unknown}
 G - a potion of brilliance {unknown}
 I - a potion of magic {unknown}
 M - 2 potions of flight {unknown}
 N - a potion of heal wounds {unknown}
 Q - a potion of ambrosia {unknown}


   Skills:
 + Level 7.2 Fighting
 + Level 4.0 Long Blades
 + Level 4.4 Armour
 + Level 3.0 Dodging
 - Level 2.1 Stealth
 + Level 8.3 Spellcasting
 + Level 9.9 Conjurations
 - Level 0.7 Transmutations
 + Level 1.4 Air Magic
 + Level 9.3 Earth Magic
 + Level 1.6 Poison Magic
 * Level 1.4 Invocations
 + Level 0.2 Evocations


You had 18 spell levels left.
You knew the following spells:

 Your Spells              Type           Power      Damage    Failure   Level
a - Sandblast             Erth           100%       2d20      1%          1
b - Stone Arrow           Conj/Erth      100%       3d13      1%          3
c - Magic Dart            Conj           100%       1d8       1%          1
d - Mephitic Cloud        Conj/Pois/Air  32%        N/A       13%         3

Your spell library contained the following spells:

 Spells                   Type           Power      Damage    Failure   Level
 Shock                    Conj/Air       100%       1d9       2%          1
 Passwall                 Tmut/Erth      29%        N/A       4%          2
 Petrify                  Tmut/Erth      35%        N/A       30%         4
 Call Imp                 Summ           10%        N/A       36%         2
 Ensorcelled Hibernation  Hex/Ice        20%        N/A       36%         2
 Swiftness                Air            17%        N/A       38%         3
 Airstrike                Air            8%         N/A       80%         4


Dungeon Overview and Level Annotations

Branches:
Dungeon (11/15)            Temple (1/1) D:6            Lair (0/6) D:10
    Orc (0/2) D:10

Altars:
Ashenzari
Cheibriados
Dithmenos
Elyvilon
Gozag
Kikubaaqudgha
Makhleb
Okawaru
Qazlal
Ru
Trog
Uskayaw
Wu Jian
Xom
Yredelemnul
Zin
The Shining One

Shops:
D:5 (   D:8 ?


Innate Abilities, Weirdness & Mutations

You are immune to sickness and miasma.
Your stone body is resilient. (AC +8)
You are immune to poison.
You resist negative energy. (rN+)
You are resistant to electric shocks. (rElec)
You are resistant to unholy torment.
You are immune to petrification.


Message History

Aim: a boulder beetle (rolling, chance to affect: 31%)
The boulder beetle easily resists.
Aiming: Paralyse
Press: ? - help, Shift-Dir - straight line, f/p - boulder beetle
Aim: a boulder beetle (rolling, chance to affect: 31%)
The boulder beetle suddenly stops moving!
You slash the boulder beetle!
The boulder beetle is lightly wounded.
You hit the boulder beetle.
The boulder beetle is lightly wounded.
You hit the boulder beetle but do no damage.
The boulder beetle is lightly wounded.
You hit the boulder beetle but do no damage.
The boulder beetle is lightly wounded.
You hit the boulder beetle.
The boulder beetle is lightly wounded.
You hit the boulder beetle.
The boulder beetle is moderately wounded.
The boulder beetle is no longer paralysed.
The boulder beetle bites you!
You hit the boulder beetle.
The boulder beetle is moderately wounded.
The boulder beetle bites you but does no damage.
The stone arrow hits the boulder beetle!
The boulder beetle is heavily wounded.
The boulder beetle bites you!!
You are too injured to fight recklessly!
You are too injured to fight recklessly!
Unknown command.
You are too injured to fight recklessly!
You are too injured to fight recklessly!
Aiming: Paralyse
Press: ? - help, Shift-Dir - straight line, f/p - boulder beetle
Aim: a boulder beetle (moderately wounded, haloed, chance to affect: 31%)
The boulder beetle easily resists.
The boulder beetle bites you!
* * * LOW HITPOINT WARNING * * *
The boulder beetle curls into a ball and begins rolling!
There is a stone staircase leading up here.
The boulder beetle hits you!!
You die...

#...#.)..# #......#
############....###
##..........##...#
##................##
#..................#
#................#.##
#..........°.....#..##
#......@B.°....####..##
#.......<○......####..#
##............#..####.#
##..........###......#
############ ########


You could see a boulder beetle (rolling).

Vanquished Creatures
  Harold (D:8)
  A boulder beetle (D:10)
  2 two-headed ogres
  The ghost of hitsuchi the Grappler, a novice TrHu (D:5)
  An unseen horror (D:10)
  2 trolls
  Prince Ribbit (D:7)
  2 shadows
  A yak (D:8)
  A vampire (D:9)
  4 steam dragons
  Duvessa (D:5)
  A water moccasin (D:7)
  4 ice beasts
  9 orc warriors
  A sky beast (D:8)
  A hornet zombie (D:8)
  An ogre (D:5)
  A black bear (D:4)
  A necrophage (D:7)
  2 wolves (D:10)
  4 centaurs
  4 phantoms
  4 bullfrogs
  6 scorpions
  Dowan (D:5)
  3 killer bees (D:10)
  A wight (D:8)
  3 electric eels (D:10)
  A howler monkey (D:5)
  2 bullfrog zombies
  2 centaur zombies
  8 hounds
  13 orc priests
  Ijyb (D:3)
  A scorpion zombie (D:5)
  Natasha (thrice) (D:2)
  An iguana (D:4)
  5 orc wizards
  2 killer bee zombies (D:8)
  A hound skeleton (D:4)
  3 howler monkey zombies
  5 adders
  2 gnolls (D:2)
  A white imp (D:8)
  An ufetubus (D:5)
  An adder skeleton (D:4)
  The ghost of glosham the Sneak, a weakling OpDe (D:5)
  The ghost of fly the Sneak, a weakling FoDe (D:5)
  A dart slug (D:4)
  32 orcs
  3 ball pythons
  5 bats
  5 endoplasms
  4 giant cockroaches
  4 goblins
  10 hobgoblins
  3 jackals (D:1)
  6 kobolds (D:1)
  10 quokkas
  3 frilled lizards (D:1)
  A jackal skeleton (D:4)
  A quokka skeleton (D:4)
  4 rats
212 creatures vanquished.

Vanquished Creatures (others)
  An orc (D:10)
  10 plants (D:2)
11 creatures vanquished.

Grand Total: 223 creatures vanquished

Notes
Turn   | Place    | Note
-------+----------+-------------------------------------------
     0 | D:1      | Cykl0x the Gargoyle Earth Elementalist began the quest for
                  | the Orb.
     0 | D:1      | Reached XP level 1. HP: 10/10 MP: 3/3
   185 | D:1      | Reached XP level 2. HP: 16/16 MP: 3/5
   368 | D:1      | Reached skill level 1 in Fighting
   656 | D:1      | Reached XP level 3. HP: 16/20 MP: 0/6
   660 | D:1      | Learned a level 3 spell: Stone Arrow
   783 | D:1      | Reached skill level 1 in Conjurations
   920 | D:1      | Found a faded altar of an unknown god.
  1907 | D:2      | Identified the +4 leather armour "Tol Bule" {Str-5 Int+2
                  | Dex+3}
  1958 | D:2      | Identified the +10 long sword of Eternal Vigilance {drain,
                  | Str+3 Dex+3}
  2135 | D:2      | Noticed Natasha
  2138 | D:2      | Killed Natasha
  2139 | D:2      | Reached XP level 4. HP: 25/25 MP: 0/7
  2234 | D:2      | Noticed Natasha
  2242 | D:2      | Killed Natasha
  2294 | D:2      | Noticed Natasha
  2298 | D:2      | Killed Natasha
  2299 | D:2      | Reached skill level 5 in Earth Magic
  2299 | D:2      | Reached XP level 5. HP: 27/29 MP: 5/9
  2501 | D:2      | Found a bloodstained altar of Trog.
  3244 | D:3      | Noticed Ijyb
  3250 | D:3      | Killed Ijyb
  3885 | D:4      | Found a bloodstained altar of Trog.
  4009 | D:4      | Reached XP level 6. HP: 35/35 MP: 3/11
  4650 | D:4      | Noticed a black bear
  4655 | D:4      | Killed a black bear
  4966 | D:5      | Entered Level 5 of the Dungeon
  5045 | D:5      | Reached XP level 7. HP: 40/40 MP: 3/13
  5140 | D:5      | Identified the +7 plate armour of Zomeph {rCorr Str+2}
  5174 | D:5      | Learned a level 1 spell: Magic Dart
  5285 | D:5      | Learned a level 3 spell: Mephitic Cloud
  5349 | D:5      | Noticed Duvessa
  5349 | D:5      | Noticed Dowan
  5356 | D:5      | Killed Duvessa
  5357 | D:5      | Reached skill level 5 in Conjurations
  5357 | D:5      | Reached XP level 8. HP: 35/46 MP: 11/14
  5358 | D:5      | Killed Dowan
  5434 | D:5      | Found Gism's Antique Weapon Boutique.
  5443 | D:5      | Found a runed translucent gate.
  5443 | D:5      | Found a runed translucent gate.
  5482 | D:5      | Found a runed translucent gate.
  5486 | D:5      | Noticed fly's ghost (weakling FoDe)
  5486 | D:5      | Noticed hitsuchi's ghost (novice TrHu)
  5486 | D:5      | Noticed glosham's ghost (weakling OpDe)
  5709 | D:5      | Killed hitsuchi's ghost
  5710 | D:5      | Reached skill level 1 in Armour
  5710 | D:5      | Reached skill level 5 in Spellcasting
  5710 | D:5      | Killed fly's ghost
  5711 | D:5      | Killed glosham's ghost
  5922 | D:6      | Reached XP level 9. HP: 52/52 MP: 8/17
  6155 | D:6      | Found a staircase to the Ecumenical Temple.
  6165 | Temple   | Entered the Ecumenical Temple
  6190 | Temple   | Became a worshipper of the Shining One
  6221 | D:6      | Reached skill level 5 in Fighting
  6957 | D:7      | Noticed Prince Ribbit
  6965 | D:7      | Killed Prince Ribbit
  7180 | D:7      | Reached skill level 1 in Long Blades
  7872 | D:8      | Reached * piety under the Shining One
  7882 | D:8      | Reached XP level 10. HP: 61/61 MP: 13/19
  8159 | D:8      | Found Biaboymu's Magic Scroll Emporium.
  8568 | D:8      | Noticed Harold
  8576 | D:8      | Killed Harold
  8577 | D:8      | Reached skill level 1 in Poison Magic
  8951 | D:9      | Reached skill level 1 in Air Magic
  9065 | D:9      | Reached ** piety under the Shining One
  9396 | D:10     | Entered Level 10 of the Dungeon
  9396 | D:10     | Noticed a rakshasa
 10233 | D:10     | Noticed a two-headed ogre
 10242 | D:10     | Killed a two-headed ogre
 10243 | D:10     | Reached XP level 11. HP: 46/67 MP: 3/22
 10638 | D:10     | Found a staircase to the Lair.
 10821 | D:10     | Identified the +11 mace "Ipaoc" {holy, rElec rN+ Str+3}
 10899 | D:10     | Found a transporter.
 10899 | D:10     | Found a transporter.
 10900 | D:10     | Noticed a boulder beetle
 10914 | D:10     | The Shining One protects you from harm!
 10915 | D:10     | Killed a boulder beetle
 11344 | D:10     | Reached *** piety under the Shining One
 11717 | D:10     | Found a staircase to the Orcish Mines.
 11802 | D:11     | Noticed a two-headed ogre
 11819 | D:11     | Killed a two-headed ogre
 11820 | D:11     | Reached skill level 1 in Invocations
 11824 | D:11     | Noticed a boulder beetle
 12169 | D:11     | Slain by a boulder beetle

Illustrated notes

Levels and vault maps discovered:
D:1:      wheals_arrival_shading, layout_loops_corners,
          hellmonk_ecumenical_altar_leap_of_faith
D:2:      wad_woods_tower, layout_loops_ring, basic_altar, uniq_natasha
D:3:      layout_basic, uniq_ijyb
D:4:      layout_rooms, kennysheep_little_box, dk_noncrumbling_4, minivault_5,
          amcnicky_mini_corridor_feature, minmay_small_thing
D:5:      layout_rooms, serial_shops, shop, gammafunk_ghost_cemetery,
          uniq_duvessa
D:6:      layout_loops_ring, minmay_temple_entry_statues_pillars, hex_large
D:7:      layout_cave_pods, uniq_prince_ribbit1
D:8:      layout_basic, serial_shops, shop, minmay_bent, uniq_harold
D:9:      layout_rooms
D:10:     gammafunk_boulding_lane, layout_small_grid, erik_lair_island,
          david_orc_4
D:11:     layout_rooms
Temple:   grunt_wide_crystal_templ

Skill      XL: |  1  2  3  4  5  6  7  8  9 10 11 |
---------------+----------------------------------+-----
Earth Magic    | 4 5 6 7 8 9 |  9.3
Fighting       | 1 2 3 4 6 7 |  7.2
Conjurations   | 1 2 3 5 6 8 9 |  9.9
Spellcasting   | 3 4 5 6 7 8 |  8.3
Dodging        | 2 3 |  3.0
Armour         | 1 2 3 4 |  4.4
Long Blades    | 1 3 4 |  4.0
Poison Magic   | 1 |  1.6
Air Magic      | 1 |  1.4
Invocations    | 1 |  1.4
Stealth        | |  2.1
Transmutations | |  0.7
Evocations     | |  0.2

Action                   |  1- 3 |  4- 6 |  7- 9 | 10-12 || total
-------------------------+-------+-------+-------+-------++-------
Melee: Short sword       |     3 |       |       |       ||     3
       Long sword        |     1 |    22 |    12 |       ||    35
       Scimitar          |       |       |    18 |    16 ||    34
       Falchion          |       |       |       |    93 ||    93
       Punch             |       |       |       |     2 ||     2
 Cast: Sandblast         |    31 |     1 |       |    10 ||    42
       Stone Arrow       |    21 |    43 |    76 |   119 ||   259
       Magic Dart        |       |       |    33 |    27 ||    60
       Mephitic Cloud    |       |       |     8 |    19 ||    27
Invok: Divine Shield     |       |       |       |     1 ||     1
Evoke: Wand              |       |       |       |     4 ||     4
  Use: Scroll            |     1 |     8 |     4 |     7 ||    20
       Potion            |       |       |       |     2 ||     2
 Stab: Confused          |       |       |     1 |       ||     1
Armor: Robe              |     2 |    15 |       |       ||    17
       Leather armour    |       |       |     5 |       ||     5
       Steam dragon scal |       |       |     7 |     9 ||    16
       Ring mail         |       |       |     5 |       ||     5
       Scale mail        |       |       |       |    84 ||    84
Dodge: Dodged            |     6 |    18 |    28 |   112 ||   164
Block: Other             |       |       |       |     1 ||     1
